 Dungeon Crawl Stone Soup version 0.27-a0-679-g77a6b55cf3 (webtiles) character file.

Game seed: 1619497668382265068

560 robertstho the Chiller (level 7, 0/51 HPs)
             Began as a Gnoll Ice Elementalist on Mar 18, 2021.
             Slain by a sky beast (6 damage)
             ... on level 5 of the Dungeon.
             The game lasted 00:07:59 (4941 turns).

robertstho the Chiller (Gnoll Ice Elementalist)     Turns: 4941, Time: 00:08:00

Health: 0/51       AC:  4    Str:  7    XL:     7   Next: 31%
Magic:  22/24      EV: 13    Int: 17    God:
Gold:   66         SH:  0    Dex: 12    Spells: 2/17 levels left

rFire    . . .     SeeInvis .   b - +0 spear (drain)
rCold    . . .     Faith    .   (no shield)
rNeg     . . .     Spirit   .   a - +0 robe
rPois    .         Reflect  .   (no helmet)
rElec    .         Harm     .   g - +0 cloak
rCorr    .         Rampage  .   f - +0 pair of gloves
Will     .....                  (no boots)
Stlth    +++.......             (no amulet)
HPRegen  0.17/turn              p - ring of magical power
MPRegen  0.19/turn              (no ring)

@: frozen ramparts
A: fangs 1, strong nose, distributed training
a: no special abilities


You were on level 5 of the Dungeon.
You visited 1 branch of the dungeon, and saw 5 of its levels.

You collected 177 gold pieces.
You spent 111 gold pieces at shops.

Inventory:

Hand Weapons
 b - a +0 spear of draining (weapon)
Armour
 a - a +0 robe (worn)
 f - a +0 pair of gloves (worn)
 g - a +0 cloak (worn)
Jewellery
 p - a ring of magical power (right hand)
Wands
 k - a wand of iceblast (10)
Scrolls
 d - a scroll of teleportation {unknown}
 i - a scroll of fear
 m - a scroll of immolation {unknown}
 o - a scroll of enchant weapon {unknown}
 q - a scroll of blinking {unknown}
Potions
 c - 3 potions of ambrosia {unknown}
 e - a potion of haste
 h - a potion of heal wounds {unknown}
 j - 2 potions of mutation {unknown}
 l - 2 potions of attraction {unknown}
 n - a potion of lignification {unknown}


   Skills:
 + Level 2.4 Fighting
 + Level 2.4 Short Blades
 + Level 2.4 Long Blades
 + Level 2.4 Axes
 + Level 2.4 Maces & Flails
 + Level 2.4 Polearms
 + Level 2.4 Staves
 + Level 2.4 Slings
 + Level 2.4 Bows
 + Level 2.4 Crossbows
 + Level 2.4 Throwing
 + Level 2.4 Armour
 + Level 5.2 Dodging
 + Level 4.8 Stealth
 + Level 2.4 Shields
 + Level 2.4 Unarmed Combat
 + Level 5.6 Spellcasting
 + Level 2.0 Conjurations
 + Level 2.0 Hexes
 + Level 2.0 Summonings
 + Level 2.0 Necromancy
 + Level 2.0 Translocations
 + Level 2.0 Transmutations
 + Level 2.0 Fire Magic
 + Level 7.4 Ice Magic
 + Level 2.0 Air Magic
 + Level 2.0 Earth Magic
 + Level 2.0 Poison Magic
 + Level 2.6 Invocations
 + Level 2.4 Evocations


You had 2 spell levels left.
You knew the following spells:

 Your Spells              Type           Power      Damage    Failure   Level
a - Freeze                Ice            100%       1d11      1%          1
b - Frozen Ramparts       Ice            58%        1d7       1%          3
c - Ozocubu's Armour      Ice            29%        N/A       1%          3
d - Hailstorm             Conj/Ice       20%        3d6       19%         4
e - Summon Ice Beast      Ice/Summ       20%        N/A       19%         4

Your spell library contained the following spells:

 Spells                   Type           Power      Damage    Failure   Level


Dungeon Overview and Level Annotations

Branches:
Dungeon (5/15)
 Temple: D:4-7

Altars:
Dithmenos
Hepliaklqana
Trog
Xom

Shops:
D:3 *   D:4 ?

Portals:
Abyss: D:4

Annotations:
D:4 2 transporters Scroll shop, chippings's ghost, amateur PaBe


Innate Abilities, Weirdness & Mutations

You have very sharp teeth.
Your uncanny sense of smell can sniff out nearby items.
Your experience applies equally to all skills.


Message History

A sky beast is nearby!
Found a stone staircase leading down.
You reach to attack!
The helpless sky beast fails to defend itself.
You hit the sky beast but do no damage. You hit the sky beast.
The sky beast is lightly wounded.
The sky beast flickers out of sight!
Deactivating autopickup; reactivate with Ctrl-A.
Something hits you. Something shocks you.
No target in view!
No target in view!
Casting: Frozen Ramparts (safe; 1% risk of failure)
Confirm with . or Enter, or press ? or * to list all spells.
Casting: Frozen Ramparts (safe; 1% risk of failure)
Press: ? - help, Dir - look around, f - activate The walls around you are covered in ice.
The wall freezes something.
Something hits you. Something shocks you.
Your frozen ramparts will break if you move.
Continue? [Y]es or [N]o only, please.
Your frozen ramparts will break if you move.
Continue? [Y]es or [N]o only, please.
Your frozen ramparts will break if you move.
Continue? [Y]es or [N]o only, please.
Your frozen ramparts will break if you move.
Continue? [Y]es or [N]o only, please.
Your frozen ramparts will break if you move.
Continue?
Okay, then.
You completely miss something.
The wall freezes something.
Something hits you. Something shocks you.
You hit something but do no damage.
The wall freezes something!
Something hits you. Something shocks you.
You miss something.
The wall freezes something.
Something hits you.
* * * LOW HITPOINT WARNING * * *
Something shocks you.
* * * LOW HITPOINT WARNING * * *
You barely miss something.
The wall freezes something.
Something hits you.
* * * LOW HITPOINT WARNING * * *
Something shocks you.
You die...

∆ ###
##.###########.#
#..........@{.>#
##.#############
#.# ∆ ##.##
#...# #...#
####...####
#.........#
#.....<)..#


There were no monsters in sight!

Vanquished Creatures
  An ogre (D:4)
  A sky beast (D:5)
  A phantom (D:3)
  A bullfrog (D:3)
  2 orc wizards (D:3)
  A hound skeleton (D:4)
  7 adders
  2 oozes
  An adder skeleton (D:4)
  5 worms
  3 dart slugs
  A leopard gecko (D:1)
  12 orcs
  A ball python (D:1)
  4 bats
  10 giant cockroaches
  6 goblins
  8 hobgoblins
  9 jackals
  2 quokkas
  3 frilled lizards
  4 kobolds
  A leopard gecko skeleton (D:4)
  4 rats
90 creatures vanquished.

Notes
Turn   | Place    | Note
-------+----------+-------------------------------------------
     0 | D:1      | robertstho the Gnoll Ice Elementalist began the quest for
                  | the Orb.
     0 | D:1      | Reached XP level 1. HP: 13/13 MP: 6/6
    70 | D:1      | Reached XP level 2. HP: 8/19 MP: 5/7
   646 | D:1      | Reached XP level 3. HP: 16/25 MP: 9/9
   648 | D:1      | Reached skill level 5 in Spellcasting
  1175 | D:2      | Reached skill level 1 in Invocations
  1226 | D:2      | Learned a level 3 spell: Frozen Ramparts
  1230 | D:2      | Learned a level 3 spell: Ozocubu's Armour
  1413 | D:2      | Reached skill level 1 in Fighting
  1413 | D:2      | Reached skill level 1 in Short Blades
  1413 | D:2      | Reached skill level 1 in Long Blades
  1413 | D:2      | Reached skill level 1 in Axes
  1413 | D:2      | Reached skill level 1 in Maces & Flails
  1413 | D:2      | Reached skill level 1 in Polearms
  1413 | D:2      | Reached skill level 1 in Staves
  1413 | D:2      | Reached skill level 1 in Slings
  1413 | D:2      | Reached skill level 1 in Bows
  1413 | D:2      | Reached skill level 1 in Crossbows
  1413 | D:2      | Reached skill level 1 in Throwing
  1413 | D:2      | Reached skill level 1 in Armour
  1413 | D:2      | Reached skill level 1 in Shields
  1413 | D:2      | Reached skill level 1 in Unarmed Combat
  1413 | D:2      | Reached skill level 1 in Evocations
  1564 | D:2      | Reached XP level 4. HP: 32/32 MP: 6/11
  1705 | D:2      | Learned a level 4 spell: Hailstorm
  1895 | D:2      | Reached skill level 1 in Conjurations
  1895 | D:2      | Reached skill level 1 in Hexes
  1895 | D:2      | Reached skill level 1 in Summonings
  1895 | D:2      | Reached skill level 1 in Necromancy
  1895 | D:2      | Reached skill level 1 in Translocations
  1895 | D:2      | Reached skill level 1 in Transmutations
  1895 | D:2      | Reached skill level 1 in Fire Magic
  1895 | D:2      | Reached skill level 1 in Air Magic
  1895 | D:2      | Reached skill level 1 in Earth Magic
  1895 | D:2      | Reached skill level 1 in Poison Magic
  2202 | D:3      | Noticed a bullfrog
  2210 | D:3      | Killed a bullfrog
  2211 | D:3      | Reached XP level 5. HP: 35/37 MP: 7/12
  2537 | D:3      | Found Sygeeme's Assorted Antiques.
  2622 | D:3      | Bought a glowing cyan potion for 21 gold pieces
  2622 | D:3      | Bought a fuming orange potion for 21 gold pieces
  2622 | D:3      | Bought a scroll labelled YBELLO HEWOUM for 24 gold pieces
  2642 | D:3      | Reached XP level 6. HP: 36/44 MP: 9/13
  2960 | D:3      | Noticed a moth of wrath
  2963 | D:3      | Found a bloodstained altar of Trog.
  3187 | D:3      | Noticed a shadow
  3188 | D:3      | Found a shadowy altar of Dithmenos.
  3189 | D:3      | Found a hazy altar of Hepliaklqana.
  3261 | D:3      | Found a shimmering altar of Xom.
  3429 | D:4      | Found a transporter.
  3663 | D:3      | Reached skill level 5 in Dodging
  3672 | D:3      | Learned a level 4 spell: Summon Ice Beast
  4095 | D:4      | Noticed a small abomination
  4095 | D:4      | Identified the +5 spear "Feehaeg" {distort, +Fly Int+4}
  4102 | D:4      | Found Fifetu's Magic Scroll Boutique.
  4103 | D:4      | Found a transporter.
  4112 | D:4      | Bought a scroll of fear for 45 gold pieces
  4144 | D:4      | Reached XP level 7. HP: 7/50 MP: 14/15
  4466 | D:4      | Found a one-way gate to the infinite horrors of the Abyss.
  4469 | D:4      | Noticed chippings's ghost (amateur PaBe)
  4826 | D:5      | Entered Level 5 of the Dungeon
  4941 | D:5      | Slain by a sky beast

Illustrated notes

Levels and vault maps discovered:
D:1:      lightli_arrival_chessboard, layout_basic
D:2:      minmay_roachtagon, layout_basic, nrook_campfire
D:3:      layout_rooms, riverfiend_overflow_shadow_ancestor,
          general_overflow_altar, serial_forest, infiniplex_forest_clump_curved,
          infiniplex_forest_corner_1, infiniplex_forest_straight_3,
          infiniplex_forest_clump_small, infiniplex_forest_straight_4,
          infiniplex_forest_lined_room_, infiniplex_forest_clump_double,
          serial_shops, nicolae_shop_temple_entry_statues_fountains, tgw_trog
D:4:      layout_loops_corners, gammafunk_ghost_abyssal_escape, serial_shops,
          nicolae_shop_statue_plus
D:5:      layout_loops_ring, nicolae_ru_awakened_eye, okawaru_trees_1,
          tgw_kikubaaqudgha

Skill      XL: |  1  2  3  4  5  6  7 |
---------------+----------------------+-----
Spellcasting   | 5 |  5.6
Invocations    | 1 2 |  2.6
Fighting       | 1 2 |  2.4
Short Blades   | 1 2 |  2.4
Long Blades    | 1 2 |  2.4
Axes           | 1 2 |  2.4
Maces & Flails | 1 2 |  2.4
Polearms       | 1 2 |  2.4
Staves         | 1 2 |  2.4
Slings         | 1 2 |  2.4
Bows           | 1 2 |  2.4
Crossbows      | 1 2 |  2.4
Throwing       | 1 2 |  2.4
Armour         | 1 2 |  2.4
Shields        | 1 2 |  2.4
Unarmed Combat | 1 2 |  2.4
Evocations     | 1 2 |  2.4
Conjurations   | 1 2 |  2.0
Hexes          | 1 2 |  2.0
Summonings     | 1 2 |  2.0
Necromancy     | 1 2 |  2.0
Translocations | 1 2 |  2.0
Transmutations | 1 2 |  2.0
Fire Magic     | 1 2 |  2.0
Air Magic      | 1 2 |  2.0
Earth Magic    | 1 2 |  2.0
Poison Magic   | 1 2 |  2.0
Dodging        | 5 |  5.2
Stealth        | |  4.8
Ice Magic      | |  7.4

Action                   |  1- 3 |  4- 6 |  7- 9 || total
-------------------------+-------+-------+-------++-------
Melee: Spear             |    76 |   102 |    34 ||   212
       Bite              |     1 |     8 |     5 ||    14
 Cast: Freeze            |    15 |     9 |       ||    24
       Frozen Ramparts   |     1 |    16 |     2 ||    19
       Ozocubu's Armour  |       |     1 |       ||     1
       Hailstorm         |       |     1 |       ||     1
  Use: Scroll            |       |     5 |       ||     5
       Potion            |       |     1 |       ||     1
 Stab: Sleeping          |     5 |     5 |     2 ||    12
Armor: Robe              |    14 |    16 |     7 ||    37
Dodge: Dodged            |    55 |    57 |    14 ||   126

Table legend: (Time is in decaauts)
 A = Elapsed time spent in this place.
 B = Non-inter-level travel time spent in this place.
 C = Inter-level travel time spent in this place.
 D = Time resting spent in this place.
 E = Time spent auto-exploring this place.
 F = Levels seen in this place.
 G = Mean time per level.
                   A        B        C        D        E       F      G
               +--------+--------+--------+--------+--------+-----+--------+
         Total |   4952 |   4845 |    107 |    271 |   3760 |   5 |  990.4 |
       Dungeon |   4952 |   4845 |    107 |    271 |   3760 |   5 |  990.4 |
               +--------+--------+--------+--------+--------+-----+--------+

Top non-repeatable levels by time:
     D:3: 1320 daAuts
     D:4: 1213 daAuts
     D:2: 1167 daAuts
     D:1: 1137 daAuts
     D:5: 114 daAuts
